 Dungeon Crawl Stone Soup version 0.19.4-10-g532645f (webtiles) character file.

1083 Kosschaser the Shield-Bearer (level 8, -1/49 HPs)
             Began as a Gargoyle Fighter on Feb 24, 2017.
             Was a Believer of Zin.
             Slain by an orc warrior
             ... wielding a +2 battleaxe of chopping
              (5 damage)
             ... on level 7 of the Dungeon.
             The game lasted 00:22:02 (5432 turns).

Kosschaser the Shield-Bearer (Gargoyle Fighter)     Turns: 5432, Time: 00:22:02

Health: -1/49      AC: 16    Str: 21    XL:     8   Next: 30%
Magic:  8/8        EV:  8    Int: 10    God:    Zin [**....]
Gold:   233        SH: 10    Dex:  9    Spells: 0 memorised, 7 levels left

rFire  . . .     SeeInvis .     a - +0 flail
rCold  . . .     Gourm    .     b - +0 scale mail
rNeg   + . .     Faith    .     c - +0 shield
rPois  ∞         Spirit   .     (no helmet)
rElec  +         Reflect  .     (no cloak)
rCorr  .         Harm     .     (no gloves)
MR     .....                    (no boots)
Stlth  ..........               (no amulet)
                                (no ring)
                                A - +4 ring of protection

@: short of breath
A: negative energy resistance 1, electricity resistance, unbreathing,
petrification resistance, rot immunity, AC +5
a: Recite, Vitalisation, Donate Gold, Renounce Religion


You were on level 7 of the Dungeon.
You worshipped Zin.
Zin was pleased with you.
You were not hungry.

You visited 2 branches of the dungeon, and saw 8 of its levels.

You collected 258 gold pieces.
You donated 25 gold pieces to Zin.

Inventory:

Hand Weapons
 a - a +0 flail (weapon)
Armour
 b - a +0 scale mail (worn)
 c - a +0 shield (worn)
Jewellery
 A - a +4 ring of protection (left hand)
Wands
 j - a wand of digging (8/24)
 l - a wand of slowing (12/48)
Scrolls
 e - 3 scrolls of enchant armour {unknown}
 g - 5 scrolls of remove curse {unknown}
 h - 3 scrolls of teleportation {unknown}
 o - 3 scrolls of identify {unknown}
 s - 2 scrolls of noise {unknown}
 t - a scroll of enchant weapon {unknown}
 v - a scroll of amnesia {unknown}
 y - a scroll of immolation {unknown}
 E - a scroll of vulnerability {unknown}
Potions
 d - 2 potions of might
 i - 4 potions of cancellation {unknown}
 k - 2 potions of brilliance {unknown}
 m - a potion of flight {unknown}
 p - 5 potions of curing {unknown}
 q - 2 potions of cure mutation {unknown}
 r - a potion of mutation {unknown}
 u - 2 potions of berserk rage {unknown}
 x - a potion of magic {unknown}
 z - a potion of ambrosia {unknown}
 B - a potion of invisibility {unknown}
 C - a potion of lignification {unknown}
 D - 2 potions of agility {unknown}
Comestibles
 f - 5 bread rations
 n - 3 beef jerkies
 w - a meat ration


   Skills:
 + Level 5.0 Fighting
 + Level 5.8 Maces & Flails
 + Level 5.2 Armour
 + Level 2.0 Dodging
 + Level 0.2 Stealth
 + Level 6.1 Shields
 + Level 1.0 Invocations


You had 7 spell levels left.
You didn't know any spells.

Dungeon Overview and Level Annotations

Branches:
Dungeon (7/15)             Temple (1/1) D:4

Altars:
Ashenzari
Dithmenos
Elyvilon
Fedhas
Hepliaklqana
Makhleb
Okawaru
Qazlal
Ru
Sif Muna
Trog
Uskayaw
Vehumet
Xom
Zin
The Shining One

Annotations:
D:5 Silverhawk's ghost, novice MiBe
D:6 Rrauwl's ghost, novice GrFi


Innate Abilities, Weirdness & Mutations

You are resistant to torment.
Your stone body is resilient. (AC +5)
You are immune to poison.
You resist negative energy. (rN+)
You are resistant to electric shocks. (rElec)
You can survive without breathing.
You are immune to petrification.
You are immune to rotting.


Message History

The wight hits you from afar with a halberd!
You block the orc warrior's attack.
You closely miss the orc warrior.
The orc warrior is lightly wounded.
The wight hits you but does no damage.
The orc warrior hits you but does no damage.
You thump the orc warrior!
The orc warrior is heavily wounded.
You block the wight's attack.
The orc warrior hits you but does no damage.
Okay, then.
You hit the orc warrior.
The orc warrior is heavily wounded.
You block the wight's attack. The orc warrior barely misses you.
You hit the orc warrior but do no damage.
The orc warrior is heavily wounded.
You block the wight's attack.
The orc warrior hits you with a battleaxe of chopping!
* * * LOW HITPOINT WARNING * * *
You die...

... #..
)o. #.
#z# #.
#z# #.
#z# #.
#o#
#.##.##@#
#.##.##.#
#.##....#
.#
#.##..###
<#
#.##..#
.#
#.##..#
.#
#.##..#
.#
##.##..#
.#
##...#..#


You could see an orc warrior, 3 wights and an orc.

Vanquished Creatures
  Eustachio (D:4)
  4 killer bees (D:7)
  A wight (D:7)
  A howler monkey (D:4)
  A jelly (D:5)
  A centaur skeleton (D:4)
  A centaur zombie (D:6)
  2 hounds
  A bullfrog skeleton (D:5)
  3 orc wizards
  2 orc priests
  Jessica (D:3)
  3 worker ants
  Natasha (thrice) (D:2)
  4 gnolls
  6 adders
  2 oozes
  4 worms
  3 dart slugs (D:1)
  5 leopard geckos
  16 orcs
  3 giant cockroaches
  6 goblins
  6 hobgoblins
  3 jackals (D:4)
  4 kobolds
  4 quokkas
  10 bats
  3 frilled lizards
  A quokka zombie (D:5)
  11 rats
116 creatures vanquished.

Notes
Turn   | Place    | Note
-------+----------+-------------------------------------------
     0 | D:1      | Kosschaser the Gargoyle Fighter began the quest for the Orb.
     0 | D:1      | Reached XP level 1. HP: 14/14 MP: 1/1
   166 | D:1      | Reached XP level 2. HP: 18/19 MP: 2/2
   526 | D:1      | Reached XP level 3. HP: 21/23 MP: 3/3
   768 | D:2      | Noticed Natasha
   778 | D:2      | Killed Natasha
   778 | D:2      | Reached XP level 4. HP: 28/29 MP: 4/4
   838 | D:2      | Noticed Natasha
   856 | D:2      | Killed Natasha
   856 | D:2      | Reached skill level 4 in Shields
  1214 | D:2      | Reached XP level 5. HP: 23/33 MP: 5/5
  1389 | D:2      | Noticed Natasha
  1403 | D:2      | Killed Natasha
  1970 | D:3      | Reached skill level 1 in Dodging
  1970 | D:3      | Reached XP level 6. HP: 29/38 MP: 6/6
  2306 | D:3      | Found a faded altar of an unknown god.
  2362 | D:3      | Noticed Jessica
  2370 | D:3      | Killed Jessica
  2469 | D:3      | Found a shimmering altar of Xom.
  2729 | D:4      | Found a glowing golden altar of the Shining One.
  2735 | D:4      | Became a worshipper of the Shining One
  3103 | D:4      | Noticed Eustachio
  3152 | D:4      | Killed Eustachio
  3152 | D:4      | Reached skill level 5 in Shields
  3152 | D:4      | Reached XP level 7. HP: 32/44 MP: 7/7
  3286 | D:4      | Reached skill level 5 in Maces & Flails
  3293 | D:4      | Found a staircase to the Ecumenical Temple.
  3381 | Temple   | Entered the Ecumenical Temple
  3459 | Temple   | Fell from the grace of the Shining One
  3459 | Temple   | Became a worshipper of Zin the Law-Giver
  3459 | Temple   | Reached * piety under Zin
  3523 | D:5      | Entered Level 5 of the Dungeon
  3686 | D:5      | Found a shadowy altar of Dithmenos.
  3769 | D:5      | Noticed Silverhawk's ghost (novice MiBe)
  3932 | D:5      | Zin protects you from harm!
  3954 | D:5      | Found a radiant altar of Vehumet.
  4391 | D:5      | Reached skill level 5 in Armour
  4764 | D:5      | Found a faded altar of an unknown god.
  4764 | D:5      | Found a hide-covered altar of Uskayaw.
  4769 | D:5      | Found a faded altar of an unknown god.
  4771 | D:5      | Found a faded altar of an unknown god.
  4773 | D:5      | Found a faded altar of an unknown god.
  4938 | D:5      | Reached ** piety under Zin
  5120 | D:6      | Noticed Rrauwl's ghost (novice GrFi)
  5181 | D:7      | Found a stormy altar of Qazlal.
  5243 | D:7      | Reached XP level 8. HP: 48/48 MP: 8/8
  5410 | D:7      | Reached skill level 5 in Fighting
  5418 | D:7      | Reached skill level 1 in Invocations
  5418 | D:7      | Reached skill level 6 in Shields
  5432 | D:7      | Slain by an orc warrior

Skill      XL: |  1  2  3  4  5  6  7  8 |
---------------+-------------------------+-----
Maces & Flails | 3 4 5 |  5.8
Shields        | 4 5 6 |  6.1
Armour         | 4 5 |  5.2
Fighting       | 4 5 |  5.0
Dodging        | 1 2 |  2.0
Invocations    | 1 |  1.0
Stealth        | |  0.2

Action                   |  1- 3 |  4- 6 |  7- 9 || total
-------------------------+-------+-------+-------++-------
Melee: Flail             |    99 |   302 |   219 ||   620
Invok: Recite            |       |       |     6 ||     6
  Eat: Chunk             |       |     6 |     1 ||     7
       Fruit             |       |     2 |     3 ||     5
       Bread ration      |       |       |     1 ||     1
Armor: Scale mail        |    61 |   242 |   124 ||   427
Dodge: Dodged            |    52 |   125 |    89 ||   266
Block: Shield            |    69 |   229 |   155 ||   453
